 Seeded DCSS version 0.31-a0-154-g56bf346678 (webtiles) character file.

Game seed: 2788064069220614859 (custom seed)

18811 SigmundSlayer the Eclecticist (level 12, -16/64 HPs)
             Began as a Deep Elf Fire Elementalist on June 11, 2023.
             Was an Initiate of Gozag.
             Demolished by a large abomination (20 damage)
             ... on level 1 of the Abyss.
             The game lasted 00:24:46 (14434 turns).

SigmundSlayer the Eclecticist (DEFE)               Turns: 14434, Time: 00:24:47

Health: -16/64     AC: 12    Str: 10    XL:     12   Next: 31%
Magic:  15/33      EV: 13    Int: 24    God:    Gozag
Gold:   1692       SH:  5    Dex: 15    Spells: 12/42 levels left

rFire   + . .        a - +4 quarterstaff of Descent {flame, rF+ Stlth+}
rCold   + . .        (shield currently unavailable)
rNeg    + . .        C - +1 leather armour of Instinct {Str+3}
rPois   +            (no helmet)
rElec   .            v - +2 cloak
rCorr   .            w - +1 pair of gloves
SInv    .            d - +2 pair of boots
Will    +....        c - amulet of reflection
Stlth   +++          l - ring of Medy {rC+ rN+}
HPRegen 0.30/turn    y - ring of poison resistance
MPRegen 0.23/turn

%: reflection
@: gold aura
A: no striking features
a: Renounce Religion, Potion Petition, Call Merchant, Bribe Branch


You were on level 1 of the Abyss.
You worshipped Gozag.
Gozag was most pleased with you.
You visited 1 branch of the dungeon, and saw 12 of its levels.
You visited the Abyss 1 time.
You also visited: Ossuary.

You collected 2440 gold pieces.
You spent 644 gold pieces at shops.
You paid 104 gold pieces to Gozag.

Inventory:

Hand Weapons
 a - the +4 quarterstaff of Descent (weapon) {flame, rF+ Stlth+}
   (You found it on level 9 of the Dungeon)

   rF:        It protects you from fire.
   Stlth:     It makes you more stealthy.
Armour
 d - a +2 pair of boots (worn)
 v - a +2 cloak (worn)
 w - a +1 pair of gloves (worn)
 C - the +1 leather armour of Instinct (worn) {Str+3}
   (You found it on level 8 of the Dungeon)

   Str:       It affects your strength (+3).
 G - an orb of mayhem
Jewellery
 c - an amulet of reflection (around neck)
 i - an amulet of regeneration
 l - the ring of Medy (left hand) {rC+ rN+}
   (You found it on level 2 of the Dungeon)

   [ring of protection from cold]

   rC:        It protects you from cold.
   rN:        It protects you from negative energy.
 o - a ring of protection from cold
 y - a ring of poison resistance (right hand)
Wands
 f - a wand of paralysis (1)
 n - a wand of quicksilver (2)
 u - a wand of flame (12)
 D - a wand of roots (8)
 F - a wand of mindburst (5)
Scrolls
 g - a scroll of immolation
 j - a scroll of fog
 p - a scroll of amnesia
 q - 3 scrolls of vulnerability
 r - 2 scrolls of teleportation
 E - a scroll of poison
Potions
 b - a potion of magic
 e - a potion of haste
 h - 2 potions of enlightenment
 k - 8 potions of curing
 m - a potion of lignification
 s - 2 potions of brilliance
 t - a potion of invisibility {unknown}
 x - a potion of resistance {unknown}
 z - 2 potions of mutation {unknown}
 A - a potion of degeneration {unknown}
 B - a potion of heal wounds {unknown}


   Skills:
 - Level 3.0 Fighting
 + Level 2.7 Armour
 - Level 5.0 Dodging
 - Level 2.9 Stealth
 + Level 15.9 Spellcasting
 - Level 11.0 Conjurations
 + Level 13.4 Fire Magic
 + Level 4.9 Air Magic
 - Level 3.0 Evocations


You had 12 spell levels left.
You knew the following spells:

 Your Spells              Type           Power      Damage    Failure   Level
a - Foxfire               Conj/Fire      100%       2x1d9     1%          1
b - Flame Wave            Conj/Fire      67%        2d15      1%          4
c - Scorch                Fire           100%       2d9       1%          2
d - Sticky Flame          Conj/Fire      67%        2d8       1%          4
e - Ignition              Fire           35%        3d11      69%         8
f - Fireball              Conj/Fire      33%        3d14      1%          5
g - Plasma Beam           Fire/Air       29%        2x1d41    13%         6

Your spell library contained the following spells:

 Spells                   Type           Power      Damage    Failure   Level
 Ignite Poison            Fire/Tmut/Pois 40%        N/A       1%          3
 Inner Flame              Hex/Fire       50%        N/A       1%          3
 Stone Arrow              Conj/Erth      90%        3d12      1%          3
 Volatile Blastmotes      Fire/Tloc      100%       2d18      1%          3
 Necrotise                Necr           76%        1d7       3%          1
 Sandblast                Erth           38%        2d10      3%          1
 Starburst                Conj/Fire      33%        6d10      3%          6
 Passwall                 Tmut/Erth      15%        N/A       6%          2
 Vampiric Draining        Necr           19%        2d7       12%         3
 Summon Ice Beast         Ice/Summ       19%        N/A       36%         4
 Agony                    Necr           19%        N/A       71%         5
 Summon Mana Viper        Hex/Summ       19%        N/A       71%         5
 Monstrous Menagerie      Summ           9%         N/A       100%        7


Dungeon Overview and Level Annotations

Branches:
Dungeon (12/15)            Temple (0/1) D:7            Lair (0/5) D:9
Ossuary (visited)
    Orc: D:9-12

Altars:
Gozag
Hepliaklqana
Kikubaaqudgha
Nemelex Xobeh
Okawaru
Sif Muna
Vehumet
Wu Jian
Xom
Yredelemnul
Zin

Shops:
D:2 !   D:7 :   D:10 *   D:11 :

Annotations:
D:10 3 runed translucent doors, SigmundSlayer's ghost, journeyman DrTm
D:12 Erolcha


Message History

Confirm with . or Enter, or press ? or * to list all spells.
Casting: Flame Wave (safe; 1% risk of failure)
Press: ? - help, Dir - look around, f - activate A wave of flame ripples out! (Press . to intensify the flame waves.)
The ynoxinul gestures.
A wave of flame ripples out!
The flame wave engulfs the large abomination!!
The large abomination is heavily damaged.
The large abomination hits you!!
The ynoxinul gestures.
A wave of flame ripples out!
The flame wave engulfs the large abomination!
The large abomination is severely damaged.
The flame wave engulfs the small abomination!
The small abomination is heavily damaged.
The flame wave engulfs the ufetubus!!
The ufetubus is burned terribly!
You kill the ufetubus!
The ufetubus disappears in a puff of smoke!
You finish channelling waves of flame.
You hear a bellow!
The ufetubus is distracted by your dazzling golden aura.
The wraith is distracted by your dazzling golden aura.
The large abomination hits you!!
* * * LOW HITPOINT WARNING * * *
The ynoxinul gestures.
Casting: Flame Wave (safe; 1% risk of failure)
Confirm with . or Enter, or press ? or * to list all spells.
Casting: Flame Wave (safe; 1% risk of failure)
Press: ? - help, Dir - look around, f - activate A wave of flame ripples out!
The flame wave engulfs the small abomination!!
You destroy the small abomination!
The flame wave engulfs the large abomination!
The large abomination is almost destroyed. (Press . to intensify the flame waves.)
The ufetubus shouts!
The large abomination hits you!!
You die...
Your body crumbles into a pile of gold.

.# # . .# ##
.. #.# ##.
##.# ..#
#...#.....#
##..#....
#......
#.#.$##
#..#@#####
#..X#..# #
...W..#.5#..#
##..###.#.#.#
#.#. ..#.#5 #
ยง#. .... 3#
#...#... .5
####. . .5.
#.. .###


You could see a large abomination, a ynoxinul, a wraith and 4 ufetubi.

Vanquished Creatures
  Kirke (D:12)
  An ogre mage (D:11)
  7 two-headed ogres
  Pikel (D:8)
  A cyclops (D:9)
  A manticore (D:11)
  Joseph (D:9)
  A gargoyle (D:12)
  A kobold demonologist (D:9)
  2 efreet (D:11)
  An ancient zyme (Abyss:1)
  A harpy zombie (Abyss:1)
  A raiju (Abyss:1)
  3 large abominations (Abyss:1)
  A wyvern (D:8)
  A shadow (D:11)
  19 yaks
  3 basilisks
  5 hogs
  3 vampire mosquitoes (D:11)
  An acid dragon (D:10)
  Duvessa (D:4)
  A water moccasin (D:7)
  4 orc warriors
  An ice beast (D:5)
  2 sky beasts
  A black bear (D:4)
  An ogre (D:5)
  4 centaurs
  4 lemures (D:8)
  A phantom (D:7)
  2 kobold brigands
  7 bullfrogs
  A gnoll sergeant (D:7)
  3 scorpions
  8 wights
  Dowan (D:4)
  3 killer bees (D:8)
  2 howler monkeys
  2 electric eels (D:10)
  A quasit (Abyss:1)
  A jelly (D:3)
  5 orc priests
  2 gnoll boudas
  3 iguanas
  Terence (D:3)
  3 sleepcaps
  12 orc wizards
  4 small abominations (Abyss:1)
  A hound zombie (D:3)
  2 hound skeletons (D:3)
  8 mummies (Ossuary)
  18 gnolls
  2 adders
  A white imp (Abyss:1)
  3 worms
  4 dart slugs
  33 orcs
  11 endoplasms
  3 giant cockroaches (D:1)
  2 gnoll zombies (Ossuary)
  6 goblins
  3 hobgoblins
  3 jackals (D:2)
  2 quokkas (D:2)
  7 ball pythons
  6 bats
  2 frilled lizards
  2 hobgoblin zombies (Ossuary)
  9 kobolds
  4 kobold zombies (Ossuary)
  A quokka zombie (D:3)
  6 rats
276 creatures vanquished.

Vanquished Creatures (collateral kills)
  29 foxfires (D:10)
29 creatures vanquished.

Vanquished Creatures (others)
  Sonja (D:10)
  704 foxfires
705 creatures vanquished.

Grand Total: 1010 creatures vanquished

Notes
Turn   | Place    | Note
-------+----------+-------------------------------------------
     0 | D:1      | SigmundSlayer the Deep Elf Fire Elementalist began the
                  | quest for the Orb.
     0 | D:1      | Reached XP level 1. HP: 10/10 MP: 6/6
   133 | D:1      | Found a faded altar of an unknown god.
   199 | D:1      | Reached XP level 2. HP: 15/15 MP: 6/8
   682 | D:1      | Reached XP level 3. HP: 19/19 MP: 7/9
  1243 | D:2      | Found Zokhlu's Distillery.
  1424 | D:2      | Identified the ring of Medy {rC+ rN+}
  1624 | D:3      | Reached skill level 4 in Spellcasting
  1624 | D:3      | Reached XP level 4. HP: 20/24 MP: 4/12
  1683 | D:3      | Reached skill level 9 in Spellcasting
  1683 | D:3      | Reached XP level 5. HP: 28/28 MP: 13/19
  1684 | D:3      | Reached skill level 11 in Spellcasting
  1684 | D:3      | Reached skill level 10 in Fire Magic
  1684 | D:3      | Reached XP level 6. HP: 32/32 MP: 13/22
  1690 | D:3      | Learned a level 4 spell: Flame Wave
  2017 | D:3      | Found an opulent altar of Gozag.
  2597 | D:3      | Learned a level 2 spell: Scorch
  2641 | D:3      | Noticed Terence
  2647 | D:3      | Killed Terence
  2752 | D:3      | Reached XP level 7. HP: 36/36 MP: 20/24
  2797 | D:3      | Found a glowing silver altar of Zin.
  3032 | D:4      | Found a shimmering altar of Xom.
  3262 | D:4      | Learned a level 4 spell: Sticky Flame
  3508 | D:4      | Noticed Duvessa
  3508 | D:4      | Noticed Dowan
  3519 | D:4      | Killed Duvessa
  3520 | D:4      | Reached skill level 12 in Spellcasting
  3521 | D:4      | Killed Dowan
  3807 | D:4      | Reached XP level 8. HP: 40/41 MP: 19/26
  4373 | D:5      | Entered Level 5 of the Dungeon
  4509 | D:5      | Found an ancient bone altar of Kikubaaqudgha.
  4791 | D:5      | Found a basalt altar of Yredelemnul.
  4844 | D:5      | Found a radiant altar of Vehumet.
  5203 | D:3      | Became a worshipper of Gozag Ym Sagoz the Greedy
  5358 | D:6      | Reached skill level 10 in Conjurations
  6024 | D:6      | Found an iron altar of Okawaru.
  6261 | D:7      | Reached XP level 9. HP: 38/45 MP: 17/27
  6307 | D:7      | Found Xeeturipp's Book Boutique.
  6375 | D:7      | Found a sand-covered staircase.
  6379 | Ossuary  | Entered an ossuary
  6998 | D:7      | Reached skill level 5 in Dodging
  7669 | D:7      | Found a staircase to the Ecumenical Temple.
  8021 | D:8      | Identified the +1 leather armour of Instinct {Str+3}
  8299 | D:8      | Noticed Pikel
  8307 | D:8      | Reached skill level 1 in Fighting
  8307 | D:8      | Killed Pikel
  8609 | D:8      | Reached XP level 10. HP: 41/52 MP: 11/28
  8857 | D:9      | Noticed Joseph
  9034 | D:9      | Reached skill level 13 in Spellcasting
  9324 | D:9      | Noticed a cyclops
  9706 | D:9      | Noticed a two-headed ogre
  9717 | D:9      | Killed a two-headed ogre
  9791 | D:9      | Killed a cyclops
  9852 | D:9      | Found a staircase to the Lair.
  9893 | D:9      | Learned a level 8 spell: Ignition
  9991 | D:9      | Killed Joseph
  9992 | D:9      | Reached skill level 1 in Evocations
 10209 | D:9      | Identified the +4 quarterstaff of Descent {flame, rF+
                  | Stlth+}
 10272 | D:9      | Found a hazy altar of Hepliaklqana.
 10467 | D:9      | Found an ornate altar of the Wu Jian Council.
 10514 | D:9      | Found a shimmering blue altar of Sif Muna.
 10549 | D:10     | Entered Level 10 of the Dungeon
 10550 | D:10     | Found a sparkling altar of Nemelex Xobeh.
 10550 | D:10     | Identified the +8 sling of Gehenna {drain, Fly Int-5 SInv}
 10586 | D:10     | Noticed a two-headed ogre
 10595 | D:10     | Killed a two-headed ogre
 10795 | D:10     | Found a runed translucent gate.
 10914 | D:10     | Found a runed translucent gate.
 10914 | D:10     | Found a runed translucent gate.
 10918 | D:10     | Noticed SigmundSlayer's ghost (journeyman DrTm)
 10977 | D:10     | Found Acenun's Assorted Antiques.
 11029 | D:10     | Bought a thin emerald amulet for 160 gold pieces
 11063 | D:10     | Noticed Sonja
 11072 | D:10     | Killed Sonja
 11073 | D:10     | Reached XP level 11. HP: 30/57 MP: 14/30
 11218 | D:10     | Noticed a two-headed ogre
 11225 | D:10     | Killed a two-headed ogre
 11226 | D:10     | Reached skill level 14 in Spellcasting
 11802 | D:10     | Noticed a two-headed ogre
 11812 | D:10     | Killed a two-headed ogre
 12030 | D:11     | Found Larov's Book Boutique.
 12033 | D:11     | Noticed a two-headed ogre
 12040 | D:11     | Killed a two-headed ogre
 12093 | D:11     | Bought a book of Fire for 484 gold pieces
 12099 | D:11     | Learned a level 5 spell: Fireball
 12106 | D:11     | Learned a level 6 spell: Plasma Beam
 12158 | D:11     | Reached skill level 1 in Air Magic
 12270 | D:11     | Noticed an ogre mage
 12276 | D:11     | Killed an ogre mage
 12290 | D:11     | Noticed a two-headed ogre
 12316 | D:11     | Reached skill level 15 in Spellcasting
 12316 | D:11     | Killed a two-headed ogre
 13746 | D:11     | Noticed a two-headed ogre
 13749 | D:11     | Killed a two-headed ogre
 13750 | D:11     | Reached skill level 1 in Armour
 13750 | D:11     | Reached XP level 12. HP: 64/64 MP: 21/33
 13863 | D:12     | Noticed Kirke
 14060 | D:12     | Killed Kirke
 14077 | D:12     | Noticed Erolcha
 14129 | Abyss:1  | Cast into level 1 of the Abyss (Erolcha)
 14339 | Abyss:1  | Noticed a great orb of eyes
 14397 | Abyss:1  | Noticed a profane servitor
 14433 | Abyss:1  | HP: 3/64 [large abomination (20)]
 14434 | Abyss:1  | Demolished by a large abomination

Illustrated notes

Levels and vault maps discovered:
D:1:      wander_arrival_desolate, layout_basic, ebering_ecumenical_altar_ruins,
          st_stairs_7
D:2:      layout_rooms, serial_shops, shop, hangedman_decor_diamond_cutter
D:3:      minmay_door_path, layout_basic, grunt_gozag_statues, zin_treasury,
          serial_undead, serial_undead_a, serial_undead_d, serial_undead_b,
          serial_undead_e, uniq_terence
D:4:      layout_gridville, xom_confusion_cloud, hangedman_abyss_or_decor_stabs,
          uniq_duvessa
D:5:      layout_basic, kennysheep_mini, nicolae_vehumet_radiance,
          nicolae_kikubaaqudgha_miasma_corner
D:6:      layout_rooms, amcnicky_altar_gilded
D:7:      layout_loops_ring, minmay_temple_entry_poolview, enter_ossuary_5,
          serial_shops, shop, grunt_decor_fettered
D:8:      layout_loops_ring, kennysheep_minor_cross, uniq_pikel
D:9:      nicolae_whirlpool, layout_cave_pools,
          nicolae_hepliaklqana_hazy_memory, mainiacjoe_overflow_two_lobes,
          david_lair_generic, corexii_corridor_pit, uniq_joseph
D:10:     layout_gridville, mainiacjoe_overflow_small_starburst, serial_bayou,
          serial_bayou_pond_a, serial_bayou_pond_c, serial_bayou_crossing,
          serial_bayou_lagoon_a, serial_shops, nicolae_shop_statue_plus,
          gammafunk_ghost_split, uniq_sonja
D:11:     minmay_bloctagon_deflated, layout_basic, serial_shops,
          nicolae_book_shop_shelving
D:12:     nzn_winding_woodlands_large [nzn_winding_woodlands_5x5_default,
          nzn_winding_woodlands_5x15_crooked,
          nzn_winding_woodlands_5x5_open_star,
          nzn_winding_woodlands_center_garden,
          nzn_winding_woodlands_15x15_eel_pit,
          nzn_winding_woodlands_center_lodge, nzn_winding_woodlands_5x5_default,
          nzn_winding_woodlands_5x15_cabin, nzn_winding_woodlands_5x5_three],
          layout_rooms, orc_0_dummy, uniq_erolcha, uniq_kirke, uniq_snorg
Abyss:1:  base:
D:4

Skill      XL: |  1  2  3  4  5  6  7  8  9 10 11 12 |
---------------+-------------------------------------+-----
Conjurations   | 2 7 9 10 11 | 11.0
Spellcasting   | 4 9 11 12 13 15 | 15.9
Fire Magic     | 4 8 10 11 13 | 13.4
Dodging        | 3 4 5 |  5.0
Fighting       | 1 2 3 |  3.0
Evocations     | 2 3 |  3.0
Air Magic      | 3 4 |  4.9
Armour         | 1 2 |  2.7
Stealth        | |  2.9

Action                     |  1- 3 |  4- 6 |  7- 9 | 10-12 || total
---------------------------+-------+-------+-------+-------++-------
  Melee: Unarmed           |     1 |     3 |     1 |    14 ||    19
         Punch             |       |       |     1 |       ||     1
         Short sword       |       |       |     9 |       ||     9
         Quarterstaff      |       |       |       |    44 ||    44
   Cast: Foxfire           |    78 |    53 |   134 |   156 ||   421
         Flame Wave        |       |     3 |    39 |    41 ||    83
         Scorch            |       |     1 |    15 |    32 ||    48
         Sticky Flame      |       |       |     6 |    13 ||    19
         Fireball          |       |       |       |     9 ||     9
  Evoke: Wand              |       |       |       |     8 ||     8
    Use: Potion            |       |     2 |       |     4 ||     6
         Scroll            |       |       |    16 |    10 ||    26
   Stab: Paralysed         |       |       |       |    32 ||    32
 Armour: Robe              |     7 |       |     4 |       ||    11
         Leather armour    |       |       |     2 |    31 ||    33
         Skin              |       |       |       |     3 ||     3
  Dodge: Dodged            |    42 |     5 |    32 |    71 ||   150
  Block: Other             |    12 |     1 |     7 |    27 ||    47
         Reflection        |     1 |       |     1 |    10 ||    12

Table legend: (Time is in decaauts)
 A = Elapsed time spent in this place.
 B = Non-inter-level travel time spent in this place.
 C = Inter-level travel time spent in this place.
 D = Time resting spent in this place.
 E = Time spent auto-exploring this place.
 F = Levels seen in this place.
 G = Mean time per level.
                   A        B        C        D        E       F      G
               +--------+--------+--------+--------+--------+-----+--------+
         Total |  14461 |  13928 |    533 |   2738 |   9042 |  14 | 1032.9 |
       Dungeon |  13879 |  13346 |    533 |   2688 |   8770 |  12 | 1156.6 |
         Abyss |    306 |    306 |      0 |     50 |     59 |   1 |  306.0 |
       Ossuary |    275 |    275 |      0 |      0 |    213 |   1 |  275.0 |
               +--------+--------+--------+--------+--------+-----+--------+

Top non-repeatable levels by time:
    D:11: 2092 daAuts
     D:8: 1830 daAuts
     D:3: 1476 daAuts
    D:10: 1448 daAuts
     D:4: 1419 daAuts
     D:7: 1367 daAuts
     D:5: 969 daAuts
     D:1: 916 daAuts
     D:9: 851 daAuts
     D:6: 771 daAuts
     D:2: 695 daAuts
 Abyss:1: 306 daAuts
 Ossuary: 275 daAuts
    D:12: 39 daAuts
